 Dungeon Crawl Stone Soup version 0.26-a0-651-gb41185065b (webtiles) character file.

Game seed: 6151262628115771031

128 Lanoc the Firebug (level 4, -10/18 HPs)
             Began as a Felid Fire Elementalist on Oct 11, 2020.
             Killed by divine providence
             ... invoked by an orc priest
              (12 damage)
             ... on level 4 of the Dungeon.
             The game lasted 00:05:19 (3242 turns).

Lanoc the Firebug (Felid Fire Elementalist)         Turns: 3242, Time: 00:05:19

Health: -10/18     AC:  1    Str:  4    XL:     4   Next: 86%
Magic:  1/8        EV: 20    Int: 17    God:
Gold:   145        SH:  0    Dex: 16    Spells: 6/7 levels left
                                        Lives:  0   Deaths: 1

rFire    . . .     SeeInvis +   (weapon unavailable)
rCold    . . .     Faith    .   (shield unavailable)
rNeg     . . .     Spirit   .   (armour unavailable)
rPois    .         Reflect  .   (helmet unavailable)
rElec    .         Harm     .   (cloak unavailable)
rCorr    .         Rampage  .   (gloves unavailable)
MR       .....                  (boots unavailable)
Stlth    ++++......             (no amulet)
HPRegen  0.06/turn              b - ring of stealth
MPRegen  0.11/turn              (no ring)

@: quick
A: very small, no armour, no weapons or thrown items, stealth, claws 1, fangs 3,
see invisible, speed 1, shaggy fur 1, sharp paws
a: no special abilities


You were on level 4 of the Dungeon.
You visited 1 branch of the dungeon, and saw 4 of its levels.

You collected 145 gold pieces.

Inventory:

Jewellery
 b - a ring of stealth (left paw)
Scrolls
 a - 4 scrolls of remove curse {unknown}
 c - 2 scrolls of identify {unknown}
 e - a scroll of teleportation {unknown}
 g - a scroll of enchant armour {unknown}
Potions
 f - a potion of brilliance {unknown}
 h - a potion of flight {unknown}


   Skills:
 + Level 4.8 Dodging
 - Level 2.6 Stealth
 - Level 2.0 Spellcasting
 - Level 0.8 Conjurations
 * Level 4.8 Fire Magic


You had 6 spell levels left.
You knew the following spells:

 Your Spells              Type           Power        Failure   Level
a - Foxfire               Conj/Fire      ##..         6%          1

Your spell library contained the following spells:

 Spells                   Type           Power        Failure   Level
 Conjure Flame            Conj/Fire      ##......     19%         3
 Inner Flame              Hex/Fire       ##......     22%         3
 Sticky Flame             Conj/Fire      ##......     52%         4
 Fireball                 Conj/Fire      ##........   86%         5


Dungeon Overview and Level Annotations

Branches:
Dungeon (4/15)
 Temple: D:4-7

Altars:
Gozag
Hepliaklqana


Innate Abilities, Weirdness & Mutations

You cannot wear armour.
You are incapable of wielding weapons or throwing items.
Your paws allow you to move quietly. (Stealth)
You have sharp claws.
You have razor-sharp teeth.
You have supernaturally acute eyesight. (SInv)
You cover ground quickly.
You are covered in fur. (AC +1)
Your sharp claws are effective at attacking unaware monsters.


Message History

The ogre is severely wounded.
The foxfire hits the ogre.
The ogre is severely wounded.
Casting: Foxfire (safe; 6% risk of failure)
Confirm with . or Enter, or press ? or * to list all spells.
You conjure some foxfire!
The orc priest barely misses you. The ogre barely misses you.
The orc priest begins to cast a cantrip, but forgets the words!
The foxfire hits the ogre.
The ogre is almost dead.
The foxfire hits the hound skeleton.
The hound skeleton is almost destroyed.
The orc priest calls down the wrath of Beogh upon you.
Beogh smites you!
Ouch! That really hurt!
* * * LOW HITPOINT WARNING * * *
The orc priest calls down the wrath of Beogh upon you.
Beogh smites you!
Ouch! That really hurt!
You die...

# #. .# . .. .. ###.#.
... # #...#.### #####o. #
#.......######....#...#
...............O.#....
##..............#.### .
#...@Z....##......#
..#.#.....o.oo....# #..
###.O....#....#
#..##..ยง........###
.....#w######....##
.##....# #.^#..# . ###.##
#.....#
....#####.########.>..###
.........................


You could see an ogre, a worm, 2 orc priests, an orc and a hound skeleton.

Vanquished Creatures
  A hound (D:4)
  An orc priest (D:3)
  A worker ant (D:4)
  4 adders
  An ooze (D:2)
  2 worms (D:3)
  A dart slug (D:2)
  3 leopard geckos
  8 orcs
  A giant cockroach (D:2)
  2 goblins
  5 hobgoblins
  4 kobolds
  3 quokkas
  7 bats
  2 frilled lizards
  6 rats
52 creatures vanquished.

Vanquished Creatures (others)
  277 foxfires
277 creatures vanquished.

Grand Total: 329 creatures vanquished

Notes
Turn   | Place    | Note
-------+----------+-------------------------------------------
     0 | D:1      | Lanoc the Felid Fire Elementalist began the quest for the
                  | Orb.
     0 | D:1      | Reached XP level 1. HP: 7/7 MP: 4/4
   164 | D:2      | Reached XP level 2. HP: 11/11 MP: 1/6
   625 | D:2      | Reached XP level 3. HP: 10/14 MP: 4/7
  1142 | D:3      | Noticed a big kobold
  1752 | D:3      | Reached XP level 4. HP: 18/18 MP: 2/8
  2749 | D:3      | Found an opulent altar of Gozag.
  2817 | D:4      | Noticed an ogre
  2821 | D:4      | Mangled by an ogre
  2822 | D:4      | Reached XP level 3. HP: -7/14 MP: 1/7
  2827 | D:4      | Reached XP level 4. HP: 18/18 MP: 5/8
  2975 | D:4      | Found a hazy altar of Hepliaklqana.
  3065 | D:4      | Noticed an ogre
  3242 | D:4      | Killed from afar by an orc priest

Illustrated notes

Levels and vault maps discovered:
D:1:      beargit_arrival_greenhouse, layout_rooms
D:2:      layout_basic
D:3:      layout_basic, lemuel_round_altar
D:4:      layout_rooms, overflow_temple_1_default,
          lemuel_zombie_altar_yredelemnul, minmay_temple_entry_glassed_door,
          serial_park_tiny_1, corexii_hall_statues_u

Skill      XL: |  1  2  3 |
---------------+----------+-----
Dodging        | 3 4 |  4.8
Fire Magic     | 3 4 |  4.8
Stealth        | |  2.6
Spellcasting   | |  2.0
Conjurations   | |  0.8

Action                   |  1- 3 |  4- 6 || total
-------------------------+-------+-------++-------
Melee: Unarmed           |    21 |     7 ||    28
       Bite              |     2 |       ||     2
 Cast: Foxfire           |    86 |    73 ||   159
  Use: Potion            |       |     1 ||     1
 Stab: Sleeping          |     3 |     1 ||     4
Armor: Skin              |     5 |     1 ||     6
Dodge: Dodged            |    23 |    19 ||    42

Table legend: (Time is in decaauts)
 A = Elapsed time spent in this place.
 B = Non-inter-level travel time spent in this place.
 C = Inter-level travel time spent in this place.
 D = Time resting spent in this place.
 E = Time spent auto-exploring this place.
 F = Levels seen in this place.
 G = Mean time per level.
                   A        B        C        D        E       F      G
               +--------+--------+--------+--------+--------+-----+--------+
         Total |   2965 |   2863 |    102 |    275 |   2155 |   4 |  741.2 |
       Dungeon |   2965 |   2863 |    102 |    275 |   2155 |   4 |  741.2 |
               +--------+--------+--------+--------+--------+-----+--------+

Top non-repeatable levels by time:
     D:3: 1615 daAuts
     D:2: 811 daAuts
     D:4: 395 daAuts
     D:1: 142 daAuts
